Map: Eternal Empire LE

Players

Fenrir - Winner!

  • Race: Zerg Zerg
  • League: Diamond
  • Spawn Location: 1:00

A.I. 1 (Elite)

  • Race: Terran Terran
  • Spawn Location: 7:00

VOD

Have the link to the VOD?

Description

Time

  • Played on: May 10, 2020, 12:40 a.m.
  • Length: 10:08
Show
View Real Time Build Order
Export as new Build Order

Fenrir Zerg - Winner!

Build Orders: Hatch First, Muta Ling Bane 

Get SALT Encoding   

  12  0:01  Drone  
  13  0:13  Overlord  
  13  0:16  Drone  
  14  0:31  Drone x2  
  16  0:50  Hatchery  
  16  0:53  Drone  
  16  0:56  Drone  
  17  1:00  Drone  
  18  1:12  Extractor  
  18  1:16  Spawning Pool  
  16  1:20  Drone  
  16  1:22  Drone  
  18  1:28  Drone  
  19  1:39  Drone  
  20  1:49  Overlord  
  20  2:04  Queen x2, Zergling x4  
  26  2:13  Metabolic Boost  
  26  2:14  Drone  
  27  2:15  Drone  
  28  2:24  Drone x2  
  30  2:34  Overlord  
  30  2:51  Queen x2  
  30  2:53  Drone x3  
  37  3:08  Hatchery  
  37  3:12  Drone x2  
  38  3:16  Overlord  
  38  3:18  Drone  
  39  3:21  Drone x3  
  39  3:23  Drone  
  43  3:34  Drone  
  43  3:36  Drone x2  
  46  3:43  Overlord  
  46  3:46  Overlord  
  46  3:48  Queen  
  46  3:50  Pneumatized Carapace  
  46  3:54  Drone  
  49  4:07  Extractor, Drone x2  
  49  4:08  Extractor  
  49  4:10  Drone x4  
  49  4:15  Drone x2  
  55  4:21  Queen  
  57  4:35  Lair  
  57  4:37  Overlord  
  57  4:38  Overlord  
  57  4:41  Overlord  
  57  4:42  Drone x2  
  59  4:46  Baneling Nest  
  59  4:49  Spore Crawler  
  59  4:50  Drone x4, Spore Crawler  
  60  4:53  Overlord x2  
  60  4:58  Drone x2, Spore Crawler  
  61  5:04  Extractor  
  60  5:09  Zergling x14  
  67  5:15  Drone, Evolution Chamber  
  67  5:17  Evolution Chamber  
  67  5:21  Drone  
  67  5:35  Drone  
  67  5:36  Drone x9  
  67  5:38  Centrifical Hooks  
  77  5:45  Zerg Melee Weapons Level 1  
  77  5:46  Zerg Ground Armor Level 1  
  77  5:55  Drone x4  
  77  5:56  Drone x3  
  84  5:59  Drone x2  
  84  6:00  Drone  
  88  6:04  Zergling x4  
  88  6:08  Zergling x4  
  91  6:20  Overlord x2  
  91  6:32  Extractor, Drone x2  
  93  6:33  Overlord x2, Extractor  
  93  6:37  Spire  
  90  6:44  Baneling x4  
  90  6:46  Baneling x4  
  90  6:49  Zergling x20  
  90  6:50  Baneling x10  
  100  6:57  Drone x2  
  100  6:58  Spine Crawler  
  101  7:05  Drone x3  
  101  7:07  Hatchery  
  101  7:08  Hatchery, Queen  
  103  7:23  Baneling x3  
  103  7:24  Zergling x16  
  111  7:37  Zergling x12  
  113  7:44  Zergling x4  
  113  7:45  Zergling x4  
  117  7:55  Mutalisk x3  
  117  7:57  Mutalisk  
  125  8:06  Mutalisk x2  
  125  8:09  Zerg Flyer Weapons Level 1  
  129  8:19  Baneling  
  129  8:20  Baneling x3  
  129  8:22  Baneling x4  
  129  8:24  Mutalisk x3  
  129  8:26  Zergling x12  
  141  8:27  Overlord x2  
  141  8:36  Hatchery  
  141  8:41  Infestation Pit  
  120  9:16  Zergling x4  
  118  9:18  Baneling x13  
  118  9:19  Zergling x32, Mutalisk x3  
  140  9:28  Spore Crawler  
  140  9:30  Drone x2  
  141  9:32  Unknown, Drone x3  
  141  9:47  Zergling x14  
Show
View Real Time Build Order
Export as new Build Order

A.I. 1 (Elite) Terran 

Build Orders:  

Get SALT Encoding   

  12  0:00  SCV  
  13  0:13  SCV  
  14  0:19  Supply Depot  
  14  0:25  SCV  
  15  0:40  SCV  
  16  0:43  Barracks  
  16  0:52  SCV  
  17  1:05  SCV  
  18  1:17  Supply Depot, SCV  
  19  1:21  Refinery  
  19  1:29  SCV  
  19  1:30  Marine  
  21  1:41  SCV  
  22  1:48  Marine  
  22  1:51  Barracks  
  22  1:53  SCV  
  24  1:55  Refinery  
  24  2:02  Supply Depot  
  24  2:05  SCV  
  24  2:06  Marine  
  26  2:17  SCV  
  27  2:24  Marine  
  27  2:25  Factory  
  27  2:29  SCV  
  29  2:38  Marine  
  29  2:42  Marine, SCV  
  32  2:54  SCV  
  32  2:55  Marine  
  34  2:59  Marine  
  35  3:06  SCV  
  36  3:13  Marine  
  36  3:17  Marine  
  36  3:18  SCV  
  39  3:20  Supply Depot  
  39  3:26  Factory Tech Lab  
  39  3:37  Starport  
  39  3:41  Marine, SCV  
  39  3:44  Marine  
  42  3:53  SCV  
  43  3:59  Marine  
  44  4:06  SCV  
  45  4:14  Barracks  
  45  4:18  SCV  
  45  4:23  Supply Depot  
  46  4:29  Starport Tech Lab  
  46  4:30  SCV  
  47  4:44  Marine, Siege Tank, SCV  
  47  4:45  Factory, Marine  
  52  4:48  Starport  
  53  4:56  SCV  
  53  4:58  Supply Depot  
  54  5:08  SCV  
  55  5:20  SCV, Barracks Tech Lab  
  56  5:24  Command Center, Supply Depot  
  56  5:26  Engineering Bay  
  56  5:40  Stimpack  
  56  5:42  Marauder  
  58  5:50  Hellion  
  58  5:51  Terran Infantry Armor Level 1  
  58  5:56  Hellion  
  61  6:03  Marauder  
  63  6:07  Supply Depot  
  63  6:12  Hellion  
  63  6:17  Hellion  
  67  6:25  Marauder  
  69  6:33  Supply Depot, Hellion  
  69  6:36  SCV  
  69  6:37  SCV  
  73  6:46  Marauder  
  75  6:48  SCV  
  75  6:49  SCV  
  77  7:00  Engineering Bay, SCV  
  78  7:01  SCV  
  78  7:07  Marauder  
  81  7:13  SCV  
  81  7:14  Command Center  
  81  7:15  SCV  
  83  7:19  Combat Shield  
  83  7:25  SCV  
  83  7:26  Terran Infantry Weapons Level 1  
  83  7:27  Orbital Command  
  83  7:29  Marauder  
  82  7:37  SCV  
  81  7:49  SCV  
  81  7:50  Marauder  
  84  7:53  SCV  
  85  8:01  SCV  
  85  8:02  Armory  
  86  8:11  Marauder  
  88  8:17  Marine  
  88  8:18  Marine  
  89  8:27  SCV  
  89  8:28  SCV  
  89  8:30  SCV  
  89  8:32  Marine  
  93  8:35  Marine  
  93  8:36  Marine  
  93  8:38  Concussive Shells  
  93  8:39  SCV  
  93  8:40  Hellion  
  98  8:42  SCV  
  98  8:44  SCV  
  100  8:50  Hellion  
  100  8:52  SCV  
  100  8:54  SCV  
  104  8:58  SCV  
  104  8:59  Marine  
  104  9:01  Hellion  
  104  9:02  Marine  
  67  9:06  Marine  
  49  9:17  Marine  
  49  9:19  Marine  
  51  9:24  Marine  
  51  9:28  SCV  
  51  9:30  SCV  
  53  9:32  SCV  
  53  9:35  Marine  
  53  9:37  Marine  
  54  9:40  SCV  
  54  9:42  SCV, Marauder  
Tags
 
Composition
Muta Ling Bane
League
Diamond
Matchup
TvZ
Spawn Locations
Cross Positions
Add a new tag
Caveats
  • Supply blocks, unpowered buildings, or Contaminate may cause inaccurate times.
  • Supply counts are checked every 10 seconds.